 Dungeon Crawl Stone Soup version 0.30-a0-149-g7f746667c4 (webtiles) character file.

Game seed: 17396473287761800438

748 qw the Fighter (level 7, -1/53 HPs)
             Began as a Gargoyle Fighter on Sept 26, 2022.
             Slain by a gnoll
             ... wielding a +0 halberd
             ... led by a gnoll sergeant
              (7 damage)
             ... on level 5 of the Dungeon.
             The game lasted 00:01:45 (4176 turns).

qw the Fighter (Gargoyle Fighter)                   Turns: 4176, Time: 00:01:45

Health: -1/53      AC: 12    Str: 21    XL:     7   Next: 77%
Magic:  7/7        EV:  9    Int:  9    God:
Gold:   187        SH:  4    Dex:  9    Spells: 6/6 levels left

rFire   . . .      SeeInvis .    Y - +0 war axe
rCold   . . .      Faith    .    c - +0 buckler
rNeg    + . .      Spirit   .    b - +0 scale mail
rPois   inf        Reflect  .    j - +0 helmet
rElec   +          Harm     .    (no cloak)
rCorr   .          Rampage  .    (no gloves)
Will    .....      Rnd*Tele +    (no boots)
Stlth   ..........               (no amulet)
HPRegen 0.17/turn                (no ring)
MPRegen 0.10/turn                (no ring)

@: about to teleport
A: sickness immunity, AC +4, negative energy resistance 1, electricity
resistance, torment resistance 1, petrification resistance, teleportitis 1
a: no special abilities


You were on level 5 of the Dungeon.
You visited 1 branch of the dungeon, and saw 5 of its levels.
You also visited: Ossuary.

You collected 211 gold pieces.
You spent 24 gold pieces at shops.


Innate Abilities, Weirdness & Mutations

You are immune to sickness and miasma.
Your stone body is resilient. (AC +4)
You are immune to poison.
You resist negative energy. (rN+)
You are resistant to electric shocks. (rElec)
You are resistant to unholy torment.
You are immune to petrification.
You are occasionally teleported next to monsters.


   Skills:
 - Level 10.6 Fighting
 - Level 10.2 Axes
 - Level 3.2 Armour
 + Level 1.2 Dodging
 - Level 4.8 Shields


You had 6 spell levels left.
You didn't know any spells.
Your spell library was empty.

Inventory:

Hand Weapons
 e - a +2 flail of protection
 Y - a +0 war axe (weapon)
Armour
 b - a +0 scale mail (worn)
 c - a +0 buckler (worn)
 j - a +0 helmet (worn)
 n - a +0 cloak
Scrolls
 k - a scroll of enchant weapon {unknown}
 m - 2 scrolls of identify
Potions
 a - a potion of berserk rage {unknown}
 d - 3 potions of might
 f - a potion of haste
 g - 3 potions of attraction
 i - 6 potions of curing
 l - a potion of magic {unknown}
 o - a potion of lignification {unknown}

Dungeon Overview and Level Annotations

Branches:
Dungeon (5/15)             Temple (0/1) D:5         Ossuary (visited)

Altars:
Cheibriados
Kikubaaqudgha

Shops:
D:3 *


Message History

You block the gnoll sergeant's attack.
4164 ||| Stepping ~*~*~tactically~*~*~ (hiding).
The gnoll sergeant hits you with a +2 trident of venom!
You slash the gnoll sergeant!
The gnoll sergeant is heavily wounded.
The gnoll sergeant hits you with a +2 trident of venom.
You slash the gnoll sergeant!
You kill the gnoll sergeant!
You slash the necrophage!
The necrophage is heavily damaged.
The necrophage hits you but does no damage.
The gnoll barely misses you.
You closely miss the necrophage.
The necrophage is heavily damaged.
You slash the necrophage!
The necrophage is almost destroyed.
You block the gnoll's attack. The necrophage hits you.
You hit the necrophage.
The necrophage is almost destroyed.
The gnoll hits you but does no damage. The necrophage closely misses you.
You slash the necrophage!
You destroy the necrophage!
The gnoll closely misses you. The gnoll closely misses you. x2
There is an open door, spattered with blood here.
Items here: %% )) [[.
You barely miss the gnoll. The gnoll hits you with a +0 spear.
The gnoll hits you from afar with a +0 halberd.
4175 ||| READING scroll of teleportation.
As you read the scroll of teleportation, it crumbles to dust.
You feel strangely unstable. You block the gnoll's attack.
The gnoll hits you from afar with a +0 halberd.
You closely miss the gnoll. The gnoll hits you but does no damage.
The gnoll hits you from afar with a +0 halberd.
You block the gnoll's attack.
The gnoll hits you from afar with a +0 halberd!
You die...

#.#
..................
.............
............#..#..
##.##.#####.#
#######.###.#..##. ..
#.#
.................. #
#.#
...............#..
...
.###+######.#.##..
..# # #.....####.#.#
#.#
##.##.##.###.#......#
.....gg@.+>#.'....#.#
......##.###.##...#.#
..... #.....##...# #
.#.#...###'######## #
#.........#
#.........#
#.........#
...#.####.#
##.#.####.#


You could see 2 gnolls.

Vanquished Creatures
  An ogre (D:4)
  A gnoll sergeant (D:5)
  A necrophage (D:5)
  A scorpion (D:5)
  A howler monkey (D:4)
  An iron imp (D:4)
  An iguana (D:4)
  A mummy (Ossuary)
  6 gnolls
  9 adders
  2 worms (D:2)
  3 dart slugs
  4 orcs
  5 spectral bats (Ossuary)
  3 ball pythons
  5 bats
  4 endoplasms
  7 giant cockroaches
  2 goblins (D:2)
  4 hobgoblins
  9 jackals
  7 kobolds
  4 quokkas
  A bat simulacrum (Ossuary)
  3 frilled lizards
  12 gnoll zombies (Ossuary)
  4 goblin simulacra (Ossuary)
  8 goblin zombies (Ossuary)
  2 hobgoblin zombies (Ossuary)
  2 kobold simulacra (Ossuary)
  5 kobold zombies (Ossuary)
  3 orc zombies (Ossuary)
  4 rats
  2 rat simulacra (Ossuary)
  2 spectral goblins (Ossuary)
  5 spectral kobolds (Ossuary)
  4 spectral rats (Ossuary)
139 creatures vanquished.

Vanquished Creatures (others)
  4 plants (D:2)
4 creatures vanquished.

Grand Total: 143 creatures vanquished

Notes
Turn   | Place    | Note
-------+----------+-------------------------------------------
     0 | D:1      | qw the Gargoyle Fighter began the quest for the Orb.
     0 | D:1      | Reached XP level 1. HP: 14/14 MP: 1/1
     0 | D:1      | 0 ||| qw: Version: 0.2-a-10-g399e6c4
     0 | D:1      | 0 ||| qw: Game counter: 527
     0 | D:1      | 0 ||| qw: Always use a shield: true
     0 | D:1      | 0 ||| qw: God list: Okawaru
     0 | D:1      | 0 ||| qw: Allow faded altars: false
     0 | D:1      | 0 ||| qw: Do Orc after D:15 true
     0 | D:1      | 0 ||| qw: Do second Lair branch before Depths: true
     0 | D:1      | 0 ||| qw: Lair rune preference: random
     0 | D:1      | 0 ||| qw: Plans: Normal, Zot:1-4, God:TSO, Crypt, Tomb,
                  | Pan, Slime:5, Hells, Abyss, Orb
     0 | D:1      | 0 ||| PLANNING D:1-11
    50 | D:1      | 50 ||| Stepping ~*~*~tactically~*~*~ (hiding).
   141 | D:1      | Reached XP level 2. HP: 19/19 MP: 2/2
   145 | D:1      | 145 ||| Stepping ~*~*~tactically~*~*~ (stealth).
   441 | D:1      | Reached skill level 3 in Axes
   723 | D:1      | Reached XP level 3. HP: 23/23 MP: 3/3
   918 | D:1      | 918 ||| READING scroll labelled YPRASAA JEMI.
   919 | D:1      | 919 ||| DRINKING 2 brown potions.
   920 | D:1      | 920 ||| DRINKING 2 sedimented emerald potions.
   920 | D:1      | Reached XP level 4. HP: 28/28 MP: 4/4
   921 | D:1      | 921 ||| DRINKING potion of experience.
   921 | D:1      | Reached XP level 5. HP: 43/43 MP: 5/5
   922 | D:1      | 922 ||| DRINKING 2 grey potions.
   923 | D:1      | 923 ||| DROPPING potion of brilliance.
  1152 | D:2      | 1152 ||| Stepping ~*~*~tactically~*~*~ (stealth).
  1361 | D:2      | 1361 ||| DROPPING +0 whip.
  1446 | D:2      | 1446 ||| Stepping ~*~*~tactically~*~*~ (stealth).
  1582 | D:2      | 1582 ||| Stepping ~*~*~tactically~*~*~ (water).
  1857 | D:2      | 1857 ||| READING scroll labelled WIGIELLENIBB.
  1858 | D:2      | 1858 ||| READING scroll labelled MUEFIOS KEUQO.
  1959 | D:2      | 1959 ||| READING scroll labelled UWARAHEYMA.
  1960 | D:2      | 1960 ||| DRINKING 2 bubbling amethyst potions.
  1960 | D:2      | Gained mutation: Your large and strong wings let you fly.
                  | [potion of mutation]
  1960 | D:2      | Gained mutation: You occasionally lose the ability to read
                  | scrolls when taking damage. [potion of mutation]
  1961 | D:2      | 1961 ||| DRINKING potion of mutation.
  1961 | D:2      | Lost mutation: Your large and strong wings let you fly.
                  | [potion of mutation]
  1961 | D:2      | Lost mutation: You occasionally lose the ability to read
                  | scrolls when taking damage. [potion of mutation]
  1961 | D:2      | Gained mutation: You are occasionally teleported next to
                  | monsters. [potion of mutation]
  1962 | D:2      | 1962 ||| READING 2 scrolls of identify.
  1962 | D:2      | 1962 ||| IDENTIFYING inky potion
  1988 | D:3      | 1988 ||| STAIRDANCE
  2003 | D:3      | Found Navahuor's General Store.
  2011 | D:3      | 2011 ||| SHOPLISTING 2 potions of haste (240 gold, have
                  | 55).
  2011 | D:3      | 2011 ||| BUYING scroll of identify (24 gold).
  2011 | D:3      | Bought a scroll of identify for 24 gold pieces
  2016 | D:3      | 2016 ||| Stepping ~*~*~tactically~*~*~ (stealth).
  2037 | D:3      | 2037 ||| DROPPING +0 flail.
  2085 | D:3      | 2085 ||| Stepping ~*~*~tactically~*~*~ (hiding).
  2087 | D:3      | 2087 ||| Stepping ~*~*~tactically~*~*~ (hiding).
  2492 | D:3      | Reached skill level 1 in Dodging
  2492 | D:3      | Reached XP level 6. HP: 40/48 MP: 6/6
  2502 | D:3      | 2502 ||| FLEEEEING.
  2646 | D:3      | 2646 ||| UPGRADING to +0 helmet.
  2651 | D:3      | 2651 ||| READING scroll labelled INOISO JABAULAU.
  2655 | D:3      | 2655 ||| READING scroll labelled HOENAC KUONALL.
  2656 | D:3      | 2656 ||| READING 2 scrolls of identify.
  2656 | D:3      | 2656 ||| IDENTIFYING puce potion
  2665 | D:4      | 2665 ||| PLANNING OSSUARY
  2674 | D:4      | Found an ancient bone altar of Kikubaaqudgha.
  3118 | D:4      | Found a snail-covered altar of Cheibriados.
  3135 | D:4      | Reached XP level 7. HP: 45/53 MP: 7/7
  3267 | D:4      | Found a sand-covered staircase.
  3268 | D:4      | 3268 ||| READING scroll labelled QURIXAESIE.
  3269 | D:4      | 3269 ||| READING scroll labelled NIUGEA JOPHOS.
  3270 | D:4      | 3270 ||| READING 2 scrolls of identify.
  3270 | D:4      | 3270 ||| IDENTIFYING sedimented white potion
  3275 | Ossuary  | Entered an ossuary
  3557 | Ossuary  | 3557 ||| Stepping ~*~*~tactically~*~*~ (stealth).
  3562 | Ossuary  | 3562 ||| Stepping ~*~*~tactically~*~*~ (stealth).
  3654 | Ossuary  | 3654 ||| Stepping ~*~*~tactically~*~*~ (stealth).
  3674 | Ossuary  | 3674 ||| Stepping ~*~*~tactically~*~*~ (stealth).
  3753 | Ossuary  | 3753 ||| DRINKING 2 viscous cyan potions.
  3754 | Ossuary  | 3754 ||| DROPPING potion of flight.
  3779 | D:4      | 3779 ||| PLANNING D:1-11
  3801 | D:5      | Entered Level 5 of the Dungeon
  3814 | D:5      | HP: 11/53 [gnoll sergeant/+2 trident of venom (10)]
  3815 | D:5      | 3815 ||| READING scroll of teleportation.
  3816 | D:5      | 3816 ||| DRINKING potion of heal wounds.
  4137 | D:5      | Found a staircase to the Ecumenical Temple.
  4155 | D:5      | 4155 ||| Stepping ~*~*~tactically~*~*~ (stealth).
  4157 | D:5      | 4157 ||| Stepping ~*~*~tactically~*~*~ (hiding).
  4164 | D:5      | 4164 ||| Stepping ~*~*~tactically~*~*~ (hiding).
  4174 | D:5      | HP: 12/53 [gnoll/+0 halberd[a gnoll sergeant] (4)]
  4175 | D:5      | 4175 ||| READING scroll of teleportation.
  4176 | D:5      | Slain by a gnoll

Levels and vault maps discovered:
D:1:      lightli_arrival_lavapool, layout_basic, chequers_garden
D:2:      wad_lake_hut, layout_basic, kennysheep_generic_room_10
D:3:      layout_rooms, serial_shops, nicolae_square_shop, grunt_ministairs_15
D:4:      layout_cave_pools, slow_altar_1, old_standard_altar, enter_ossuary_5,
          grunt_ministairs_2, minmay_door_square
D:5:      layout_basic, minmay_temple_entry_glassed_door,
          minmay_misc_feat_doors, uniq_grinder, uniq_ijyb, uniq_sigmund

Skill      XL: |  1  2  3  4  5  6 |
---------------+-------------------+-----
Axes           | 2 3 10 | 10.2
Fighting       | 10 | 10.6
Dodging        | 1 |  1.2
Shields        | 4 |  4.8
Armour         | |  3.2

Action                   |  1- 3 |  4- 6 |  7- 9 || total
-------------------------+-------+-------+-------++-------
Melee: War axe           |    48 |   117 |   160 ||   325
Throw: Boomerang         |       |    20 |       ||    20
  Use: Potion            |     2 |     4 |     2 ||     8
       Scroll            |     1 |     7 |     5 ||    13
Armor: Scale mail        |    36 |    41 |    68 ||   145
Dodge: Dodged            |    15 |    39 |    59 ||   113
Block: Buckler           |     9 |    10 |    26 ||    45

Table legend:
 A = Non-vault XP
 B = Vault XP
 C = Vault XP percentage of total XP
 D = Non-vault monster count
 E = Vault monster count
 F = Vault count percentage of total count
                 A         B        C        D         E       F
            +---------+---------+-------+---------+---------+-------
      Total |     747 |     185 |  19.8 |      80 |      59 |  42.4
            +---------+---------+-------+---------+---------+-------
        D:1 |      37 |       0 |   0.0 |      19 |       0 |   0.0
        D:2 |      95 |       0 |   0.0 |      23 |       0 |   0.0
        D:3 |      91 |      13 |  12.5 |      21 |       1 |   4.5
        D:4 |     195 |      80 |  29.1 |       8 |       2 |  20.0
        D:5 |     329 |       0 |   0.0 |       9 |       0 |   0.0
    Ossuary |       0 |      92 | 100.0 |       0 |      56 | 100.0
            +---------+---------+-------+---------+---------+-------
